AoeStats
← metanoid

Nomad

509953856Analyzed
3v3 RM · 5d ago on Sep 28, 2026· 37m 22s· 6 players
Game mode
Random Map
Map size
210×210
Population
200
Speed
Normal
Resources
Standard
Victory
Conquest
Starting age
Dark Age
Ending age
Imperial Age
RankedLock teamsTeams togetherTeam positionsShared explorationLock speedFull tech treeHidden civsTurbo modeCheats
Victory
Defeat
🇩🇪 Chinese · Germany
1007
+12
🇩🇪 Lithuanians · Germany
950
+14
🇩🇪 Turks · Germany
937
+15
🇦🇷 Goths · Argentina
1000
-51
🇬🇧 Khmer · United Kingdom
898
-13
🇦🇷 Britons · Argentina
838
-11
Juancho Talarga
11:31 Loom
16:25 Feudal Age
16:35 Man-at-Arms
17:18 Double-Bit Axe
18:22 Arson
26:38 Castle Age
27:33 Scale Barding Armor
27:38 Forging
metanoid
16:25 Feudal Age
30:23 Fletching
JMA
10:26 Loom
13:44 Feudal Age
14:57 Double-Bit Axe
22:02 Gold Mining
26:48 Castle Age
26:08 Stone Mining
27:46 Fletching
27:57 Padded Archer Armor
28:17 Medium Warships
33:34 Leather Archer Armor
34:32 Bow Saw
34:05 Horse Collar
39:45 Imperial Age
M-a-c-e
13:36 Feudal Age
14:58 Wheelbarrow
14:10 Loom
14:11 Town Watch
19:37 Castle Age
31:26 Bloodlines
31:17 Husbandry
31:25 Scale Barding Armor
31:30 Hill Forts
35:07 Imperial Age
35:38 Murder Holes
36:04 Ballistics
35:09 Cavalier
siX♋r ツ
5:24 Loom
17:07 Feudal Age
18:11 Double-Bit Axe
17:51 Man-at-Arms
24:35 Wheelbarrow
24:44 Fletching
24:58 Padded Archer Armor
25:26 Town Watch
25:54 Forging
27:14 Gold Mining
27:51 Horse Collar
35:22 Castle Age
No incoming chat
4:52 Loom
16:54 Feudal Age
20:29 Castle Age
18:27 Double-Bit Axe
21:06 Scale Barding Armor
21:12 Forging
21:31 Bloodlines
21:32 Husbandry
23:02 Chain Barding Armor
22:57 Bow Saw
22:44 Stone Mining
26:51 Iron Casting
34:53 Imperial Age
33:05 Fletching
Connection lost

Rejoining the realm…

Still unreachable

The connection could not be restored.

Session expired

The server has moved on; the page needs a fresh start.